 Dungeon Crawl Stone Soup version 0.30.1-4-g462c640d31 (webtiles) character file.

Game seed: 16063164843952093728

56 safid the Chiller (level 3, -4/27 HPs)
             Began as a Merfolk Ice Elementalist on Sept 7, 2023.
             Killed from afar by an orc wizard (11 damage)
             ... with a puff of flame
             ... on level 3 of the Dungeon.
             The game lasted 00:02:09 (1948 turns).

safid the Chiller (Merfolk Ice Elementalist)        Turns: 1948, Time: 00:02:09

Health: -4/27      AC:  5    Str:  8    XL:     3   Next: 95%
Magic:  7/7        EV: 12    Int: 16    God:
Gold:   116        SH:  0    Dex: 14    Spells: 3/7 levels left

rFire   . . .        i - +0 rapier
rCold   . . .        (no shield)
rNeg    . . .        a - +0 robe
rPois   .            (no helmet)
rElec   .            o - +2 cloak
rCorr   .            (no gloves)
SInv    .            (no boots)
Will    .....        (no amulet)
Stlth   +            (no ring)
HPRegen 0.24/turn    (no ring)
MPRegen 0.10/turn

%: no passive effects
@: confused
A: (nimble swimmer 2), mertail
a: no special abilities


You were on level 3 of the Dungeon.
You visited 1 branch of the dungeon, and saw 3 of its levels.

You collected 116 gold pieces.

Inventory:

Hand Weapons
 i - a +0 rapier (weapon)
Armour
 a - a +0 robe (worn)
 o - a +2 cloak (worn)
Wands
 p - a wand of iceblast (5)
Scrolls
 d - 3 scrolls of identify {unknown}
 f - a scroll of brand weapon {unknown}
 h - 3 scrolls of vulnerability {unknown}
 j - 2 scrolls of noise {unknown}
 l - a scroll of amnesia {unknown}
Potions
 b - a potion of magic
 c - a potion of invisibility {unknown}
 e - a potion of haste {unknown}
 g - a potion of lignification {unknown}
 k - a potion of brilliance {unknown}
 m - 2 potions of flight {unknown}
 n - a potion of degeneration {unknown}
 q - a potion of heal wounds {unknown}


   Skills:
 + Level 2.0 Fighting
 - Level 2.6 Dodging
 - Level 2.1 Stealth
 + Level 2.7 Spellcasting
 + Level 4.9 Ice Magic


You had 3 spell levels left.
You knew the following spells:

 Your Spells              Type           Power      Damage    Failure   Level
a - Freeze                Ice            72%        1d8       2%          1
b - Frozen Ramparts       Ice            36%        1d6       8%          3

Your spell library contained the following spells:

 Spells                   Type           Power      Damage    Failure   Level
 Ozocubu's Armour         Ice            18%        N/A       8%          3
 Blink                    Tloc           4%         N/A       28%         2
 Lesser Beckoning         Tloc           4%         N/A       28%         2
 Momentum Strike          Conj/Tloc      4%         3d8       28%         2
 Summon Ice Beast         Ice/Summ       10%        N/A       56%         4
 Conjure Ball Lightning   Conj/Air       1%         3x3d6     100%        6
 Discord                  Hex            1%         N/A       100%        8
 Disjunction              Tloc           1%         N/A       100%        8


Dungeon Overview and Level Annotations

Branches:
Dungeon (3/15)

Altars:


Innate Abilities, Weirdness & Mutations

((You are very nimble when in or above water. (Stealth+, EV+, Speed+++)))
Your lower body shifts to a powerful aquatic tail in water.


Message History

Reactivating autopickup.
The orc wizard hits you with a +0 dagger.
You hit the orc wizard.
The orc wizard is almost dead.
The orc wizard casts a spell at you.
The magic dart hits you but does no damage.
You miss the orc wizard.
The orc wizard is almost dead.
The orc wizard hits you but does no damage.
You're too confused to move!
The orc wizard hits you with a +0 dagger.
You bump into the rock wall.
The orc wizard hits you but does no damage.
You hit the orc wizard but do no damage.
The orc wizard is almost dead.
You feel less confused. The orc wizard misses you.
You closely miss the orc wizard.
The orc wizard is almost dead.
The orc wizard points at you and mumbles some strange words.
You are confused.
You hit the orc wizard but do no damage.
The orc wizard is almost dead.
The orc wizard hits you but does no damage.
The orc wizard gestures wildly while chanting.
The orc wizard flickers and vanishes!
Deactivating autopickup; reactivate with Ctrl-A.
You closely miss something. Something hits you.
You hear some strange, mumbled words.
You are more confused.
You bump into the rock wall.
You bump into the rock wall.
Something hits you. Something hits you but does no damage.
You bump into the rock wall.
Something hits you.
* * * LOW HITPOINT WARNING * * *
You closely miss something.
You hear some strange, mumbled words.
A puff of flame appears from out of thin air!
The puff of flame hits you!
You die...

##.#(### ###.##
#...### #...>.#
#<..#.# # ##.##.#
####### .####
#.##.#
#......###...####
#.##.#
#.#####.#........
..##.#
#.#@{).....#.#
####.####
#.#.#####..#.#
#....###.#.#
#.#).#
#..........#
#..#.##
#....###.#.#
#†?...# #.#.##
#.#.# #)##..#
#.#.#
#.............#
#.#.#
########.###..#
#.#.. .. .#


There were no monsters in sight!

Vanquished Creatures
  2 dart slugs
  8 orcs (D:3)
  6 endoplasms
  A giant cockroach (D:3)
  A goblin (D:3)
  4 hobgoblins
  3 quokkas
  2 bats (D:1)
  3 frilled lizards
  4 kobolds
  6 rats
40 creatures vanquished.

Notes
Turn   | Place    | Note
-------+----------+-------------------------------------------
     0 | D:1      | safid the Merfolk Ice Elementalist began the quest for the
                  | Orb.
     0 | D:1      | Reached XP level 1. HP: 13/13 MP: 3/3
   258 | D:1      | Reached XP level 2. HP: 20/20 MP: 0/5
   367 | D:1      | Reached skill level 1 in Fighting
  1079 | D:2      | Reached XP level 3. HP: 21/26 MP: 6/6
  1083 | D:2      | Learned a level 3 spell: Frozen Ramparts
  1948 | D:3      | Killed from afar by an orc wizard

Illustrated notes

Levels and vault maps discovered:
D:1:      erik_arrival_triangle_large, layout_basic
D:2:      layout_basic, minmay_misc_feat_more_columns,
          ebering_dispersal_statue_hall
D:3:      layout_loops_ring, nicolae_overflow_hidden_temple,
          ebering_ghost_disaster_area

Skill      XL: |  1  2  3 |
---------------+----------+-----
Fighting       | 1 2 |  2.0
Dodging        | |  2.6
Stealth        | |  2.1
Spellcasting   | |  2.7
Ice Magic      | |  4.9

Action                     || total
---------------------------++-------
  Melee: Whip              ||    11
         Unarmed           ||     1
         Rapier            ||    98
   Cast: Freeze            ||    18
  Evoke: Wand              ||     1
   Stab: Sleeping          ||     7
 Armour: Robe              ||    31
  Dodge: Dodged            ||    52
